 Dungeon Crawl Stone Soup version 0.29-a0-304-gb34f9e133a (webtiles) character file.

Game seed: 16814881012721426746

1253 sanka the Ruffian (level 8, -4/67 HPs)
             Began as a Gnoll Cinder Acolyte on Mar 26, 2022.
             Was a High Priest of Ignis.
             Slain by a gnoll shaman
             ... wielding a +0 club
              (6 damage)
             ... on level 5 of the Dungeon.
             The game lasted 00:06:22 (5151 turns).

sanka the Ruffian (Gnoll Cinder Acolyte)            Turns: 5151, Time: 00:06:23

Health: -4/67      AC:  3    Str: 14    XL:     8   Next: 51%
Magic:  2/14       EV:  6    Int: 14    God:    Ignis [*****.]
Gold:   247        SH:  0    Dex:  9    Spells: 13/15 levels left

rFire   + . .      SeeInvis +     - Unarmed
rCold   . . .      Faith    .   (no shield)
rNeg    . . .      Spirit   .   a - +0 robe
rPois   .          Reflect  .   (no helmet)
rElec   .          Harm     .   (no cloak)
rCorr   .          Rampage  .   j - +0 pair of gloves
Will    .....                   (no boots)
Stlth   ++........              g - amulet of regeneration
HPRegen 1.01/turn               (no ring)
MPRegen 0.14/turn               b - ring of see invisible

@: held
A: fangs 1, strong nose, distributed training
a: Renounce Religion, Fiery Armour, Foxfire Swarm, Rising Flame


You were on level 5 of the Dungeon.
You worshipped Ignis.
Ignis was extremely pleased with you.
You visited 2 branches of the dungeon, and saw 6 of its levels.

You collected 247 gold pieces.


Innate Abilities, Weirdness & Mutations

You have very sharp teeth.
Your uncanny sense of smell can sniff out nearby items.
Your experience applies equally to all skills.


   Skills:
 + Level 7.4 Fighting
 + Level 3.3 Short Blades
 + Level 3.3 Long Blades
 + Level 3.3 Axes
 + Level 3.3 Maces & Flails
 + Level 3.3 Polearms
 + Level 3.3 Staves
 + Level 3.3 Slings
 + Level 3.3 Bows
 + Level 3.3 Crossbows
 + Level 3.3 Throwing
 + Level 3.3 Armour
 + Level 3.3 Dodging
 + Level 3.3 Stealth
 + Level 3.3 Shields
 + Level 7.4 Unarmed Combat
 + Level 4.4 Spellcasting
 + Level 2.7 Conjurations
 + Level 2.7 Hexes
 + Level 2.7 Summonings
 + Level 2.7 Necromancy
 + Level 2.7 Translocations
 + Level 2.7 Transmutations
 + Level 6.1 Fire Magic
 + Level 2.7 Ice Magic
 + Level 2.7 Air Magic
 + Level 2.7 Earth Magic
 + Level 2.7 Poison Magic
 + Level 3.6 Invocations
 + Level 3.3 Evocations


You had 13 spell levels left.
You knew the following spells:

 Your Spells              Type           Power      Damage    Failure   Level
y - Scorch                Fire           40%        2d7       2%          2

Your spell library contained the following spells:

 Spells                   Type           Power      Damage    Failure   Level
 Static Discharge         Conj/Air       10%        N/A       9%          2
 Ozocubu's Armour         Ice            10%        N/A       19%         3
 Lightning Bolt           Conj/Air       5%         1d17      86%         5
 Ozocubu's Refrigeration  Ice            5%         4d6       100%        7
 Maxwell's Capacitive Co  Air            5%         ∞         100%        8

Inventory:

Missiles
 c - 2 throwing nets {=f}
 n - 3 poisoned darts
Armour
 a - a +0 robe (worn)
 j - a +0 pair of gloves (worn)
 v - a +0 cloak
Jewellery
 b - a ring of see invisible (right hand)
 g - an amulet of regeneration (around neck)
Wands
 s - a wand of iceblast (7)
Scrolls
 d - 7 scrolls of identify {unknown}
 e - 4 scrolls of teleportation {unknown}
 h - a scroll of immolation {unknown}
 i - a scroll of noise {unknown}
 p - a scroll of enchant weapon {unknown}
 q - a scroll of magic mapping {unknown}
 r - a scroll of enchant armour {unknown}
 w - a scroll of brand weapon {unknown}
 x - a scroll of holy word {unknown}
Potions
 f - 3 potions of brilliance {unknown}
 k - a potion of haste {unknown}
 l - a potion of curing {@q1}
 m - a potion of heal wounds {unknown}
 o - a potion of attraction {unknown}
 t - 2 potions of mutation {unknown}
 u - a potion of might {unknown}

Dungeon Overview and Level Annotations

Branches:
Dungeon (5/15)             Temple (1/1) D:5

Altars:
Ashenzari
Dithmenos
Elyvilon
Fedhas
Gozag
Nemelex Xobeh
Okawaru
Ru
Sif Muna
Trog
Uskayaw
Yredelemnul
The Shining One

Shops:
D:4

[
▒▒▒▒≈≈≈≈≈≈.....▒▒▒▒▒▒...'.....▒..
..▒...≈...........▒..▒..▒.....▒▒▒
..▒.......▒▒▒▒▒......▒>.▒▒▒▒▒▒▒..
..▒▒..▒....▒▒...▒....▒..▒▒.......
..▒▒..▒▒...▒▒...▒....▒..▒........
..▒▒...▒....+...▒....+..▒........
.......+....▒...▒....▒..▒........
..▒▒..▒▒▒▒▒▒▒▒▒▒▒....▒▒▒▒▒..▒▒▒..
..▒▒▒▒▒ .....g)g.(▒▒▒.▒▒▒▒▒▒▒▒'▒
...▒ ......gg..▒.............
...▒ ..........▒.............
▒▒▒▒ ..........▒▒▒▒▒▒▒▒▒▒▒▒▒▒
▒▒▒▒▒▒▒▒▒▒▒


You could see a gnoll shaman and 2 gnolls.


Message History

You hit the gnoll shaman.
You bite the gnoll shaman, but do no damage.
The gnoll shaman is heavily wounded.
The gnoll shaman closely misses you. The gnoll hits you with a +0 club.
The gnoll throws a throwing net.
The throwing net hits you.
You become entangled in the net!
You struggle against the net.
The gnoll shaman hits you with a +0 club.
The gnoll hits you with a +0 club.
* * * LOW HITPOINT WARNING * * *
The gnoll hits you but does no damage.
You struggle against the net.
The gnoll shaman hits you with a +0 club.
* * * LOW HITPOINT WARNING * * *
The gnoll hits you with a +0 club.
* * * LOW HITPOINT WARNING * * *
The gnoll hits you from afar with a +0 halberd of protection.
* * * LOW HITPOINT WARNING * * *
You struggle against the net.
The gnoll shaman hits you with a +0 club!
* * * LOW HITPOINT WARNING * * *
The gnoll hits you with a +0 club.
* * * LOW HITPOINT WARNING * * *
The gnoll hits you from afar with a +0 halberd of protection.
* * * LOW HITPOINT WARNING * * *
You struggle against the net.
The gnoll shaman hits you with a +0 club.
You die...

Action                   |  1- 3 |  4- 6 |  7- 9 || total
-------------------------+-------+-------+-------++-------
Melee: Unarmed           |    97 |   154 |    18 ||   269
       Bite              |    10 |    16 |     3 ||    29
       Punch             |     3 |     5 |     2 ||    10
Throw: Dart              |       |     3 |     3 ||     6
 Cast: Scorch            |     7 |    23 |    33 ||    63
Invok: Fiery Armour      |       |       |     1 ||     1
 Stab: Sleeping          |       |     1 |       ||     1
Armor: Robe              |    13 |    23 |    16 ||    52
Dodge: Dodged            |    42 |    74 |    33 ||   149

Levels and vault maps discovered:
D:1:      dpeg_arrival_concentric_ovals, layout_rooms, serial_forest,
          infiniplex_forest_lined_2, infiniplex_forest_straight_3,
          infiniplex_forest_lined_3, infiniplex_forest_straight_3,
          infiniplex_forest_lined_corner, infiniplex_forest_zigzag_2,
          infiniplex_forest_clump_diagonal, infiniplex_forest_lined_1,
          infiniplex_forest_clump_small
D:2:      layout_basic, grunt_ministairs_3, uniq_terence, uniq_jessica
D:3:      layout_rooms, mainiacjoe_overflow_alcove_2, hangedman_decor_points,
          serial_bayou_pond_d
D:4:      layout_gridville, serial_shops, shop
D:5:      layout_gridville, mainiacjoe_overflow_concentric_impassable,
          hangedman_ru_absence, temple_doors_e
Temple:   dpeg_chambers_temple

Notes
Turn   | Place    | Note
-------+----------+-------------------------------------------
     0 | D:1      | sanka the Gnoll Cinder Acolyte began the quest for the Orb.
     0 | D:1      | Reached XP level 1. HP: 23/23 MP: 4/4
    74 | D:1      | Reached XP level 2. HP: 29/29 MP: 5/5
    79 | D:1      | Learned a level 2 spell: Scorch
   499 | D:1      | Reached XP level 3. HP: 32/35 MP: 7/7
   653 | D:1      | Reached skill level 1 in Invocations
   994 | D:1      | Reached skill level 1 in Short Blades
   994 | D:1      | Reached skill level 1 in Long Blades
   994 | D:1      | Reached skill level 1 in Axes
   994 | D:1      | Reached skill level 1 in Maces & Flails
   994 | D:1      | Reached skill level 1 in Polearms
   994 | D:1      | Reached skill level 1 in Staves
   994 | D:1      | Reached skill level 1 in Slings
   994 | D:1      | Reached skill level 1 in Bows
   994 | D:1      | Reached skill level 1 in Crossbows
   994 | D:1      | Reached skill level 1 in Throwing
   994 | D:1      | Reached skill level 1 in Armour
   994 | D:1      | Reached skill level 1 in Dodging
   994 | D:1      | Reached skill level 1 in Stealth
   994 | D:1      | Reached skill level 1 in Shields
   994 | D:1      | Reached skill level 1 in Evocations
  1137 | D:2      | Noticed Terence
  1169 | D:1      | HP: 3/30 [Terence/+0 flail of draining (4)]
  1170 | D:1      | Killed Terence
  1171 | D:1      | Reached skill level 3 in Spellcasting
  1171 | D:1      | Reached XP level 4. HP: 4/38 MP: 0/8
  1364 | D:2      | Reached skill level 1 in Conjurations
  1364 | D:2      | Reached skill level 1 in Hexes
  1364 | D:2      | Reached skill level 1 in Summonings
  1364 | D:2      | Reached skill level 1 in Necromancy
  1364 | D:2      | Reached skill level 1 in Translocations
  1364 | D:2      | Reached skill level 1 in Transmutations
  1364 | D:2      | Reached skill level 1 in Ice Magic
  1364 | D:2      | Reached skill level 1 in Air Magic
  1364 | D:2      | Reached skill level 1 in Earth Magic
  1364 | D:2      | Reached skill level 1 in Poison Magic
  1376 | D:2      | Noticed Jessica
  1382 | D:2      | Killed Jessica
  1383 | D:2      | Reached XP level 5. HP: 34/47 MP: 9/9
  2418 | D:3      | Found a shimmering blue altar of Sif Muna.
  2653 | D:3      | Reached skill level 2 in Invocations
  2653 | D:3      | Reached XP level 6. HP: 30/53 MP: 2/11
  3030 | D:4      | Found Riwoseis's Armour Emporium.
  3428 | D:4      | Reached skill level 2 in Short Blades
  3428 | D:4      | Reached skill level 2 in Long Blades
  3428 | D:4      | Reached skill level 2 in Axes
  3428 | D:4      | Reached skill level 2 in Maces & Flails
  3428 | D:4      | Reached skill level 2 in Polearms
  3428 | D:4      | Reached skill level 2 in Staves
  3428 | D:4      | Reached skill level 2 in Slings
  3428 | D:4      | Reached skill level 2 in Bows
  3428 | D:4      | Reached skill level 2 in Crossbows
  3428 | D:4      | Reached skill level 2 in Throwing
  3428 | D:4      | Reached skill level 2 in Armour
  3428 | D:4      | Reached skill level 2 in Dodging
  3428 | D:4      | Reached skill level 2 in Stealth
  3428 | D:4      | Reached skill level 2 in Shields
  3428 | D:4      | Reached skill level 2 in Evocations
  3508 | D:5      | Entered Level 5 of the Dungeon
  3572 | D:5      | Noticed a yak
  3603 | D:5      | Killed a yak
  3604 | D:5      | Reached skill level 7 in Fighting
  3604 | D:5      | Reached skill level 7 in Unarmed Combat
  3604 | D:5      | Reached XP level 7. HP: 46/60 MP: 1/12
  3719 | D:5      | Noticed a yak
  3721 | D:5      | Noticed a yak
  3750 | D:5      | Killed a yak
  3751 | D:5      | Reached skill level 2 in Conjurations
  3751 | D:5      | Reached skill level 2 in Hexes
  3751 | D:5      | Reached skill level 2 in Summonings
  3751 | D:5      | Reached skill level 2 in Necromancy
  3751 | D:5      | Reached skill level 2 in Translocations
  3751 | D:5      | Reached skill level 2 in Transmutations
  3751 | D:5      | Reached skill level 2 in Ice Magic
  3751 | D:5      | Reached skill level 2 in Air Magic
  3751 | D:5      | Reached skill level 2 in Earth Magic
  3751 | D:5      | Reached skill level 2 in Poison Magic
  3970 | D:5      | Reached skill level 3 in Invocations
  4025 | D:5      | Found a sacrificial altar of Ru.
  4233 | D:5      | Found a broken altar of Ashenzari.
  4249 | D:5      | Reached skill level 4 in Spellcasting
  4253 | D:5      | Reached skill level 6 in Fire Magic
  4253 | D:5      | Reached XP level 8. HP: 52/67 MP: 2/14
  4257 | D:5      | Reached skill level 3 in Short Blades
  4257 | D:5      | Reached skill level 3 in Long Blades
  4257 | D:5      | Reached skill level 3 in Axes
  4257 | D:5      | Reached skill level 3 in Maces & Flails
  4257 | D:5      | Reached skill level 3 in Polearms
  4257 | D:5      | Reached skill level 3 in Staves
  4257 | D:5      | Reached skill level 3 in Slings
  4257 | D:5      | Reached skill level 3 in Bows
  4257 | D:5      | Reached skill level 3 in Crossbows
  4257 | D:5      | Reached skill level 3 in Throwing
  4257 | D:5      | Reached skill level 3 in Armour
  4257 | D:5      | Reached skill level 3 in Dodging
  4257 | D:5      | Reached skill level 3 in Stealth
  4257 | D:5      | Reached skill level 3 in Shields
  4257 | D:5      | Reached skill level 3 in Evocations
  4396 | D:5      | Found a staircase to the Ecumenical Temple.
  4523 | D:5      | Killed a yak
  4617 | Temple   | Entered the Ecumenical Temple
  5150 | D:5      | HP: 5/67 [gnoll/+0 club (6)]
  5150 | D:5      | HP: 1/67 [gnoll/+0 halberd of protection (4)]
  5151 | D:5      | Slain by a gnoll shaman

Vanquished Creatures
  3 yaks (D:5)
  A necrophage (D:4)
  A scorpion (D:5)
  6 killer bees (D:5)
  2 jellies (D:5)
  2 orc priests (D:3)
  A hound (D:5)
  Jessica (D:2)
  Terence (D:1)
  An iguana (D:4)
  An orc wizard (D:3)
  4 gnolls
  4 adders
  2 dart slugs (D:1)
  2 worms (D:2)
  12 orcs
  7 ball pythons
  5 endoplasms
  4 giant cockroaches
  9 goblins
  9 hobgoblins
  5 jackals (D:1)
  4 quokkas
  5 bats
  4 frilled lizards
  3 kobolds
  5 rats
104 creatures vanquished.

Vanquished Creatures (others)
  5 plants
5 creatures vanquished.

Grand Total: 109 creatures vanquished
